 Dungeon Crawl Stone Soup version 0.30-a0-1163-gf69bf04e7a (webtiles) character file.

Game seed: 2175944134579633614

0 Esekla the Sneak (level 1, -4/16 HPs)
             Began as an Octopode Delver on Apr 29, 2023.
             Was an Initiate of Gozag.
             Slain by a phantom (6 damage)
             ... on level 4 of the Dungeon.
             The game lasted 00:03:07 (586 turns).

Esekla the Sneak (Octopode Delver)                   Turns: 586, Time: 00:03:08

Health: -4/16      AC:  1    Str: 11    XL:     1   Next: 0%
Magic:  1/1        EV: 13    Int: 12    God:    Gozag
Gold:   51         SH:  0    Dex: 13    Spells: 0/0 levels left

rFire   . . .        a - +0 falchion
rCold   . . .        (no shield)
rNeg    . . .        (helmet restricted)
rPois   .            (no amulet)
rElec   .            (no ring)
rCorr   .            (no ring)
SInv    .            (no ring)
Will    .....        (no ring)
Stlth   ++++         (no ring)
HPRegen 0.22/turn    (no ring)
MPRegen 0.07/turn    (no ring)
                     (no ring)

%: no passive effects
@: gold aura
A: almost no armour, amphibious, 8 rings, camouflage 1, gelatinous body 1,
(nimble swimmer 1), tentacles
a: Renounce Religion, Potion Petition, Call Merchant, Bribe Branch


You were on level 4 of the Dungeon.
You worshipped Gozag.
Gozag was noncommittal.
You visited 2 branches of the dungeon, and saw 3 of its levels.

You collected 76 gold pieces.
You paid 25 gold pieces to Gozag.

Inventory:

Hand Weapons
 a - a +0 falchion (weapon)
 g - a +0 dagger
Wands
 f - a wand of digging (3)
Scrolls
 b - a scroll of fog
 c - a scroll of magic mapping
 d - a scroll of fear
Potions
 e - 2 potions of curing {unknown}
 h - a potion of ambrosia {unknown}


   Skills:
 + Level 3.0 Fighting
 + Level 2.0 Long Blades
 + Level 2.0 Dodging
 + Level 6.6 Stealth


You couldn't memorise any spells.
You didn't know any spells.
Your spell library was empty.

Dungeon Overview and Level Annotations

Branches:
Dungeon (5/15)             Temple (1/1) D:5

Altars:
Cheibriados
Dithmenos
Elyvilon
Fedhas
Gozag
Nemelex Xobeh
Qazlal
Ru
Sif Muna
Trog
Wu Jian
Xom
Yredelemnul
Zin


Innate Abilities, Weirdness & Mutations

You cannot wear most types of armour.
You are amphibious.
You can wear up to eight rings at the same time.
Your skin changes colour to match your surroundings (Stealth+).
Your rubbery body absorbs attacks. (AC +1, EV +1)
((You are camouflaged when in or above water. (Stealth+)))
You have tentacles for arms and can constrict up to eight enemies at once.


Message History

Found a stone staircase leading up.
Found a cyan potion.
You now have 51 gold pieces (gained 9).
A hound comes into view.
e - 2 cyan potions (gained 1)
There are no items here.
Found a hand axe.
Found a stone staircase leading up.
Found an escape hatch in the ceiling.
There is a stone staircase leading down here.
You climb downwards.
There is a stone staircase leading up here.
Found a stone staircase leading up.
There is an escape hatch in the ceiling here.
A mysterious force pulls you upwards. The hatch slams shut behind you.
g - a +0 dagger (weapon)
The hound barks!
a - a +0 falchion (weapon)
You miss the hound. Your grab misses the hound. The hound bites you.
You closely miss the hound. You grab the hound. You constrict the hound.
The hound bites you. The hound bites you but does no damage.
A phantom comes into view.
You hit the hound.
The hound is moderately wounded.
You constrict the hound. The hound bites you. The hound completely misses you.
You slash the hound!
The hound is severely wounded.
You constrict the hound, but do no damage.
The hound bites you but does no damage. The hound completely misses you.
You barely miss the hound.
The hound is severely wounded.
You constrict the hound. The hound bites you. x2
* * * LOW HITPOINT WARNING * * *
You hit the hound but do no damage.
The hound is almost dead.
You constrict the hound.
You kill the hound!
The phantom hits you.
You die...
Your body crumbles into a pile of gold.

##### #...#
#...# . #...# .
... #...# ...
....###...#....
...............
.......@.......
......W$.......
...............
...........###+
....########
.... +##


You could see a phantom.

Vanquished Creatures
  A hound (D:4)
1 creature vanquished.

Notes
Turn   | Place    | Note
-------+----------+-------------------------------------------
     0 | D:5      | Esekla the Octopode Delver began the quest for the Orb.
     0 | D:5      | Reached XP level 1. HP: 16/16 MP: 1/1
    44 | D:5      | Found a sacrificial altar of Ru.
    59 | D:5      | Noticed a phantom
   144 | D:5      | Found a shimmering altar of Xom.
   144 | D:5      | Noticed an iguana
   162 | D:5      | Found a sparkling altar of Nemelex Xobeh.
   219 | D:5      | Found a staircase to the Ecumenical Temple.
   226 | Temple   | Entered the Ecumenical Temple
   394 | Temple   | Became a worshipper of Gozag Ym Sagoz the Greedy
   413 | D:5      | Noticed a phantom
   447 | D:4      | Found an ornate altar of the Wu Jian Council.
   476 | D:4      | Noticed a hound
   578 | D:4      | Noticed a hound
   582 | D:4      | Noticed a phantom
   586 | D:4      | Killed a hound
   586 | D:4      | Slain by a phantom

Illustrated notes

Levels and vault maps discovered:
D:4:      layout_basic, overflow_temple_1_default, uniq_edmund
D:5:      layout_gridville, minitemple, nicolae_tso_carved_into_rock,
          amcnicky_altar_gilded, nicolae_overflow_squiral,
          minmay_temple_entry_waves
Temple:   nicolae_temple_figure_eight

Action                     || total
---------------------------++-------
  Melee: Falchion          ||     6
         Constrict         ||     1
    Use: Potion            ||     1
 Armour: Skin              ||     2
  Dodge: Dodged            ||     3

Table legend: (Time is in decaauts)
 A = Elapsed time spent in this place.
 B = Non-inter-level travel time spent in this place.
 C = Inter-level travel time spent in this place.
 D = Time resting spent in this place.
 E = Time spent auto-exploring this place.
 F = Levels seen in this place.
 G = Mean time per level.
                   A        B        C        D        E       F      G
               +--------+--------+--------+--------+--------+-----+--------+
         Total |    573 |    563 |     10 |      0 |    164 |   3 |  191.0 |
       Dungeon |    395 |    395 |      0 |      0 |      0 |   2 |  197.5 |
        Temple |    178 |    168 |     10 |      0 |    164 |   1 |  178.0 |
               +--------+--------+--------+--------+--------+-----+--------+

Top non-repeatable levels by time:
     D:5: 261 daAuts
  Temple: 178 daAuts
     D:4: 133 daAuts
